 Dungeon Crawl Stone Soup version 0.24.0-1-gfbc8707 (webtiles) character file.

Game seed: 3514567708378262079, levelgen mode: deterministic

45 silenth the Conjurer (level 3, 0/26 HPs)
             Began as a Demigod Conjurer on Nov 8, 2019.
             Killed from afar by Natasha (6 damage)
             ... with a magic dart
             ... on level 2 of the Dungeon.
             The game lasted 00:01:13 (1314 turns).

silenth the Conjurer (Demigod Conjurer)             Turns: 1314, Time: 00:01:13

Health: 0/26       AC:  2    Str: 11    XL:     3   Next: 25%
Magic:  1/9        EV: 12    Int: 21    God:
Gold:   66         SH:  0    Dex: 16    Spells: 0/6 levels left

rFire    . . .     SeeInvis .   (no weapon)
rCold    . . .     Gourm    .   (no shield)
rNeg     . . .     Faith    .   a - +0 robe
rPois    .         Spirit   .   (no helmet)
rElec    .         Reflect  .   (no cloak)
rCorr    .         Harm     .   (no gloves)
MR       .....                  (no boots)
Stlth    ++........             (no amulet)
HPRegen  0.08/turn              (no ring)
MPRegen  0.11/turn              (no ring)

@: slowed, very slow
A: high mp 1
a: no special abilities


You were on level 2 of the Dungeon.
You were not hungry.

You visited 1 branch of the dungeon, and saw 2 of its levels.

You collected 66 gold pieces.

Inventory:

Armour
 a - a +0 robe (worn)
Scrolls
 c - a scroll of remove curse {unknown}
Potions
 b - a potion of flight {unknown}
 d - a potion of degeneration {unknown}
 g - a potion of lignification {unknown}
Comestibles
 e - 2 rations


   Skills:
 - Level 1.7 Dodging
 - Level 1.7 Stealth
 + Level 2.3 Spellcasting
 * Level 4.4 Conjurations


You couldn't memorise any spells.
You knew the following spells:

 Your Spells              Type           Power        Failure   Level  Hunger
a - Magic Dart            Conj           ###.         2%          1    #......
b - Searing Ray           Conj           ###...       3%          2    ##.....
c - Dazzling Spray        Conj/Hex       ##....       17%         3    ###....

Your spell library contained the following spells:

 Spells                   Type           Power        Failure   Level  Hunger
 Iskenderun's Mystic Bla  Conj           ###.....     22%         4    #####..
 Force Lance              Conj/Tloc      ##......     50%         4    #####..
 Fulminant Prism          Conj/Hex       ##........   50%         4    #####..


Dungeon Overview and Level Annotations

Branches:
Dungeon (2/15)

Annotations:
D:2 Natasha


Innate Abilities, Weirdness & Mutations

You have an increased reservoir of magic. (+10% MP)


Message History

The crimson imp disappears in a puff of smoke!
The crimson imp blinks!
Natasha stares at you and mumbles some strange words.
You resist with some effort.
The frilled lizard completely misses you.
The crimson imp hits you.
The crimson imp blinks!
Natasha mumbles some strange words.
The frilled lizard bites you. The crimson imp hits you.
You barely miss the crimson imp. The frilled lizard misses you.
The crimson imp blinks!
Natasha misses you. The white imp spits at you. The frilled lizard bites you.
* * * LOW HITPOINT WARNING * * *
The crimson imp blinks!
Natasha wildly gestures.
Natasha's front paws start to glow.
Natasha stares at you and mumbles some strange words.
The magic dart hits you.
You die...

..............#.....# ...
##........#....?#
...###........#.....#
.....###......§.#####
................#...#
................#...+
#.............5#...
#......#####.lh#.#
#..............@.###
##..................#
............†.....#.#
...........÷..)...<.#
...........†..............
....................###...
............####..#..# .
##.....###### #..#..#
#.....# #.....#


You could see Natasha, a white imp and a frilled lizard.

Vanquished Creatures
  An adder (D:2)
  A worm (D:2)
  A dart slug (D:1)
  A leopard gecko (D:1)
  2 giant cockroaches (D:1)
  4 goblins
  8 hobgoblins
  3 jackals (D:2)
  A bat (D:1)
  2 kobolds (D:1)
  2 rats (D:1)
26 creatures vanquished.

Notes
Turn   | Place    | Note
-------+----------+-------------------------------------------
     0 | D:1      | silenth the Demigod Conjurer began the quest for the Orb.
     0 | D:1      | Reached XP level 1. HP: 14/14 MP: 5/5
   163 | D:1      | Reached skill level 2 in Spellcasting
   316 | D:1      | Reached skill level 4 in Conjurations
   316 | D:1      | Reached XP level 2. HP: 20/20 MP: 0/7
   385 | D:1      | Learned a level 2 spell: Searing Ray
  1091 | D:2      | Reached XP level 3. HP: 17/26 MP: 5/9
  1096 | D:2      | Learned a level 3 spell: Dazzling Spray
  1291 | D:2      | Noticed Natasha
  1314 | D:2      | Killed from afar by Natasha

Levels and vault maps discovered:
D:1:      dpeg_arrival_erosion, layout_basic, serial_forest,
          infiniplex_forest_clump_double, infiniplex_forest_straight_4,
          infiniplex_forest_zigzag_1, infiniplex_forest_lined_3_way,
          infiniplex_forest_straight_1, infiniplex_forest_clump_C,
          infiniplex_forest_corner_2, infiniplex_forest_lined_2
D:2:      layout_basic, chequers_temple_overflow_statue_of_worship,
          minmay_worlds_worst_comb, uniq_natasha, uniq_robin

Skill      XL: |  1 |
---------------+----+-----
Spellcasting   | 2 |  2.3
Conjurations   | 4 |  4.4
Dodging        | |  1.7
Stealth        | |  1.7

Action                   || total
-------------------------++-------
Melee: Unarmed           ||    19
 Cast: Magic Dart        ||    63
  Eat: Chunk             ||     2
Armor: Robe              ||     5
Dodge: Dodged            ||    23
